 Dungeon Crawl Stone Soup version 0.31-a0-1019-g3dd9dd1025 (webtiles) character file.

Game seed: 11887364845746690471

1284 Sjablonen the Trooper (level 8, 0/67 HPs)
             Began as a Demonspawn Fighter on Nov 17, 2023.
             Was an Initiate of Makhleb.
             Slain by a gnoll
             ... wielding a +0 spear
             ... led by a gnoll sergeant
              (1 damage)
             ... on level 6 of the Dungeon.
             The game lasted 00:11:06 (5161 turns).

Sjablonen the Trooper (Demonspawn Fighter)          Turns: 5161, Time: 00:11:07

Health: 0/67       AC:  9    Str: 18    XL:     8   Next: 29%
Magic:  8/8        EV:  9    Int: 15    God:    Makhleb [......]
Gold:   63         SH:  5    Dex: 14    Spells: 7/7 levels left

rFire   . . .        G - +4 war axe of Imbalance {heavy, rPois rC- Int+6 Stlth+}
rCold   x . .        c - +0 buckler
rNeg    . . .        b - +0 scale mail
rPois   +            (no helmet)
rElec   .            (no cloak)
rCorr   .            (no gloves)
SInv    .            m - +2 pair of boots {Stlth+}
Will    .....        (no amulet)
Stlth   ++           z - ring of wizardry
HPRegen 0.31/turn    (no ring)
MPRegen 0.11/turn

%: wizardry (x1)
@: no status effects
A: claws 2, powered by pain 1
a: Renounce Religion


You were on level 6 of the Dungeon.
You worshipped Makhleb.
Makhleb was noncommittal.
You visited 2 branches of the dungeon, and saw 7 of its levels.
You also visited: Sewer.

You collected 241 gold pieces.
You spent 178 gold pieces at shops.

Inventory:

Hand Weapons
 a - a +1 war axe
 G - the +4 war axe of Imbalance (weapon) {heavy, rPois rC- Int+6 Stlth+}
   (You bought it in a shop on level 1 of the Dungeon)

   Int+6:     It affects your intelligence (+6).
   rC-:       It makes you vulnerable to cold.
   rPois:     It protects you from poison Stlth+: It makes you more stealthy.
Missiles
 u - 18 poisoned darts (quivered)
 w - a boomerang
Armour
 b - a +0 scale mail (worn)
 c - a +0 buckler (worn)
 m - a +2 pair of boots of stealth (worn)
Jewellery
 z - a ring of wizardry (left claw)
Wands
 E - a wand of paralysis (10)
Scrolls
 e - a scroll of enchant armour {unknown}
 f - a scroll of enchant weapon
 h - 5 scrolls of identify {unknown}
 i - 5 scrolls of teleportation {unknown}
 j - 2 scrolls of vulnerability {unknown}
 k - a scroll of amnesia {unknown}
 l - 2 scrolls of poison {unknown}
 r - a scroll of fear {unknown}
 s - 2 scrolls of blinking {unknown}
 v - a scroll of summoning {unknown}
 y - a scroll of revelation {unknown}
 A - a scroll of immolation {unknown}
 D - a scroll of fog {unknown}
Potions
 d - a potion of heal wounds
 g - 3 potions of curing {unknown}
 n - a potion of mutation {unknown}
 o - 2 potions of invisibility {unknown}
 p - a potion of cancellation {unknown}
 q - a potion of degeneration {unknown}
 t - 3 potions of magic {unknown}
 x - a potion of attraction {unknown}
 B - a potion of berserk rage {unknown}
 C - a potion of ambrosia {unknown}
 F - a potion of enlightenment {unknown}


   Skills:
 + Level 7.6 Fighting
 + Level 6.6 Axes
 - Level 3.0 Armour
 - Level 3.0 Shields


You had 7 spell levels left.
You didn't know any spells.
Your spell library contained the following spells:

 Spells                   Type           Power      Damage    Failure   Level
 Apportation              Tloc           0%         N/A       38%         1
 Necrotise                Necr           0%         1d4       38%         1
 Ensorcelled Hibernation  Hex/Ice        0%         N/A       52%         2
 Jinxbite                 Hex            0%         N/A       52%         2
 Passwall                 Tmut/Erth      0%         N/A       52%         2
 Wereblood                Tmut           0%         N/A       52%         2
 Call Canine Familiar     Summ           0%         N/A       75%         3
 Sigil of Binding         Hex            0%         N/A       75%         3
 Swiftness                Air            0%         N/A       75%         3
 Vampiric Draining        Necr           0%         2d6       75%         3
 Dimensional Bullseye     Hex/Tloc       0%         N/A       98%         4
 Leda's Liquefaction      Hex/Erth       0%         N/A       98%         4
 Agony                    Necr           0%         N/A       100%        5
 Alistair's Intoxication  Tmut/Pois      0%         N/A       100%        5
 Irradiate                Conj/Tmut      0%         3d11      100%        5


Dungeon Overview and Level Annotations

Branches:
Dungeon (6/15)             Temple (1/1) D:4           Sewer (visited)

Altars:
Ashenzari
Cheibriados
Dithmenos
Fedhas
Hepliaklqana
Kikubaaqudgha
Makhleb
Wu Jian
Xom

Shops:
D:1 ((!


Innate Abilities, Weirdness & Mutations

You have very sharp fingernails.
You sometimes gain a little power by taking damage.


Message History

The gnoll sergeant is heavily wounded.
The gnoll sergeant hits you with a +0 spear.
The gnoll hits you but does no damage. x2
The gnoll sergeant hits you but does no damage.
You slash the gnoll sergeant!
The gnoll sergeant is severely wounded.
The gnoll sergeant hits you with a +0 spear.
* * * LOW HITPOINT WARNING * * *
The gnoll closely misses you. The gnoll hits you but does no damage.
The gnoll sergeant hits you but does no damage.
You slash the gnoll sergeant!
You kill the gnoll sergeant!
Makhleb accepts your kill.
The gnoll hits you from afar with a +0 spear.
* * * LOW HITPOINT WARNING * * *
The gnoll closely misses you. The gnoll hits you but does no damage.
You slash the gnoll!
The gnoll is severely wounded.
The gnoll hits you with a +0 flail.
* * * LOW HITPOINT WARNING * * *
The gnoll closely misses you.
You barely miss the gnoll.
The gnoll is severely wounded.
The gnoll hits you but does no damage.
The gnoll hits you from afar with a +0 spear.
* * * LOW HITPOINT WARNING * * *
The gnoll barely misses you. x2
You hit the gnoll but do no damage.
The gnoll is severely wounded.
The gnoll closely misses you. The gnoll barely misses you. x2
The gnoll hits you but does no damage.
You completely miss the gnoll.
The gnoll is severely wounded.
The gnoll hits you with a +0 flail.
* * * LOW HITPOINT WARNING * * *
The gnoll hits you from afar with a +0 spear.
* * * LOW HITPOINT WARNING * * *
The gnoll barely misses you.
The gnoll hits you from afar with a +0 spear.
You die...

##.####### ##........
.. .<........ .# #
########## .#.# #
#########.#.# #
#........... # ###.####
##.#
#########.....g###..#.#
..#.......#..ggg@.....#
#.#.#########†####.#..#
#.#.# #...# #.# .#
#.#.#### #.#.#.##.# ..
.....<.# #.##c##.#.# ##
#.##.......


gg. .#.# #.##...###. #.# #.# ......... ... ..# ......#### ... You could see 4
gnolls.

Vanquished Creatures
  Grinder (D:3)
  Sigmund (D:3)
  Edmund (D:5)
  An ice beast (D:6)
  A centaur (D:6)
  A kobold brigand (Sewer)
  2 scorpions (D:5)
  A gnoll sergeant (D:6)
  A jelly (D:5)
  4 hounds
  An iguana (D:3)
  A sleepcap (D:5)
  An orc wizard (D:4)
  A gnoll (D:6)
  5 adders
  A worm (D:2)
  A dart slug (D:4)
  12 orcs
  12 bats
  5 endoplasms
  6 giant cockroaches
  9 goblins
  5 hobgoblins
  2 jackals (D:2)
  4 quokkas
  11 ball pythons
  4 frilled lizards
  20 kobolds
  7 rats
122 creatures vanquished.

Notes
Turn   | Place    | Note
-------+----------+-------------------------------------------
     0 | D:1      | Sjablonen the Demonspawn Fighter began the quest for the
                  | Orb.
     0 | D:1      | Reached XP level 1. HP: 18/18 MP: 1/1
    58 | D:1      | Found Qope Wac's Antique Weapon Boutique.
   115 | D:1      | Found Zirav's Weapon Shop.
   217 | D:1      | Found Duroinad's Distillery.
   250 | D:1      | Gained mutation: You sometimes gain a little power by
                  | taking damage. [demonic ancestry]
   250 | D:1      | Reached XP level 2. HP: 24/24 MP: 2/2
   456 | D:1      | Found a faded altar of an unknown god.
  1108 | D:2      | Gained mutation: You have sharp fingernails. [demonic
                  | ancestry]
  1108 | D:2      | Reached XP level 3. HP: 20/29 MP: 3/3
  1802 | D:3      | Found a glowing drain.
  1806 | Sewer    | Entered a sewer
  1824 | Sewer    | Noticed a kobold brigand
  1830 | Sewer    | Killed a kobold brigand
  1831 | Sewer    | Reached skill level 4 in Fighting
  1831 | Sewer    | Reached XP level 4. HP: 32/37 MP: 4/4
  1886 | Sewer    | Reached XP level 5. HP: 42/42 MP: 5/5
  2243 | D:3      | Noticed Grinder
  2263 | D:3      | Paralysed by Grinder for 3 turns
  2282 | D:3      | Killed Grinder
  2283 | D:3      | Reached skill level 5 in Fighting
  2283 | D:3      | Gained mutation: You have very sharp fingernails. [demonic
                  | ancestry]
  2283 | D:3      | Reached XP level 6. HP: 17/51 MP: 6/6
  2488 | D:3      | Found an ancient bone altar of Kikubaaqudgha.
  3395 | D:3      | Noticed Sigmund
  3408 | D:3      | Killed Sigmund
  3409 | D:3      | Reached skill level 5 in Axes
  3409 | D:3      | Reached XP level 7. HP: 49/57 MP: 7/7
  3674 | D:4      | Reached skill level 6 in Fighting
  3674 | D:4      | Found a broken altar of Ashenzari.
  3742 | D:4      | Found a staircase to the Ecumenical Temple.
  3755 | Temple   | Entered the Ecumenical Temple
  3792 | Temple   | Became a worshipper of Makhleb the Destroyer
  4582 | D:5      | Entered Level 5 of the Dungeon
  4646 | D:5      | Noticed Edmund
  4670 | D:5      | Killed Edmund
  4864 | D:5      | Reached skill level 7 in Fighting
  4864 | D:5      | Reached XP level 8. HP: 57/67 MP: 8/8
  4946 | D:1      | Bought a twisted war axe for 178 gold pieces
  4946 | D:1      | Identified the +4 war axe of Imbalance {heavy, rPois rC-
                  | Int+6 Stlth+} (You bought it in a shop on level 1 of the
                  | Dungeon)
  5161 | D:6      | HP: 1/67 [gnoll/+0 spear[a gnoll sergeant] (4)]
  5161 | D:6      | Slain by a gnoll

Illustrated notes

Levels and vault maps discovered:
D:1:      elethiomel_arrival_infinity_welcomes_careful_drivers, layout_basic,
          serial_shops, nicolae_shop_just_a_little_nook, nicolae_diamond_shop,
          nicolae_shop_tiny_statue_garden, chequers_ecumenical_altar_simple,
          chequers_serial_rivers_small_b
D:2:      layout_loops_ring
D:3:      layout_basic, kiku_gazebo_garden_becter,
          mainiacjoe_sewer_entry_somewhere_in_here_2, minmay_between,
          uniq_grinder, uniq_sigmund
D:4:      layout_basic, nicolae_ashenzari_panopticon, minmay_temple_entry_waves,
          chequers_hall_statues_y
D:5:      layout_rooms, nicolae_yredelemnul_corpse_copse, uniq_edmund
D:6:      layout_loops_ring, bloody_trog, fiery_altar_vehumet,
          nicolae_uskayaw_suspiria, old_standard_altar
Temple:   hellmonk_temple_beads

Skill      XL: |  1  2  3  4  5  6  7 |
---------------+----------------------+-----
Axes           | 2 3 4 5 6 |  6.6
Armour         | 3 |  3.0
Shields        | 3 |  3.0
Fighting       | 4 5 7 |  7.6

Action                     |  1- 3 |  4- 6 |  7- 9 || total
---------------------------+-------+-------+-------++-------
  Melee: War axe           |   132 |   122 |   108 ||   362
    Use: Potion            |     1 |     3 |     1 ||     5
         Scroll            |     1 |       |       ||     1
 Armour: Scale mail        |   112 |    95 |   120 ||   327
  Dodge: Dodged            |    64 |    43 |    68 ||   175
  Block: Buckler           |    45 |    26 |    26 ||    97

Table legend: (Time is in decaauts)
 A = Elapsed time spent in this place.
 B = Non-inter-level travel time spent in this place.
 C = Inter-level travel time spent in this place.
 D = Time resting spent in this place.
 E = Time spent auto-exploring this place.
 F = Levels seen in this place.
 G = Mean time per level.
                   A        B        C        D        E       F      G
               +--------+--------+--------+--------+--------+-----+--------+
         Total |   5289 |   4923 |    366 |      0 |   3898 |   8 |  661.1 |
       Dungeon |   4835 |   4542 |    293 |      0 |   3655 |   6 |  805.8 |
        Temple |     74 |      1 |     73 |      0 |      0 |   1 |   74.0 |
         Sewer |    379 |    379 |      0 |      0 |    242 |   1 |  379.0 |
               +--------+--------+--------+--------+--------+-----+--------+

Top non-repeatable levels by time:
     D:3: 1619 daAuts
     D:2: 974 daAuts
     D:4: 894 daAuts
     D:1: 888 daAuts
   Sewer: 379 daAuts
     D:5: 304 daAuts
     D:6: 153 daAuts
  Temple: 74 daAuts
